 Dungeon Crawl Stone Soup version 0.31-a0-152-g6aa68a64a1 (webtiles) character file.

Game seed: 9640349538398016588

946 qw the Skirmisher (level 7, 0/60 (61) HPs)
             Began as a Minotaur Hunter on June 9, 2023.
             Slain by a black bear (2 damage)
             ... on level 5 of the Dungeon.
             The game lasted 00:01:55 (3984 turns).

qw the Skirmisher (Minotaur Hunter)                 Turns: 3984, Time: 00:01:55

HP:   0/60 (61)     AC:  8    Str: 15    XL:     7   Next: 89%
MP:   6/6           EV: 12    Int:  6    God:
Gold: 242           SH:  5    Dex: 22    Spells: 6/6 levels left

rFire   . . .        Y - +0 shortbow
rCold   . . .        (shield currently unavailable)
rNeg    . . .        d - +0 ring mail
rPois   .            (helmet restricted)
rElec   .            (no cloak)
rCorr   .            h - +2 pair of gloves
SInv    .            (no boots)
Will    .....        f - amulet of reflection
Stlth   +            a - +6 ring of dexterity
HPRegen 0.30/turn    (no ring)
MPRegen 0.10/turn

%: reflection
@: about to teleport, lightly drained
A: horns 2, retaliatory headbutt
a: no special abilities


You were on level 5 of the Dungeon.
You visited 1 branch of the dungeon, and saw 5 of its levels.

You collected 242 gold pieces.


Innate Abilities, Weirdness & Mutations

You have a pair of horns on your head.
You reflexively headbutt those who attack you in melee.


   Skills:
 - Level 5.0 Fighting
 - Level 9.3 Ranged Weapons
 - Level 3.3 Armour
 + Level 3.1 Dodging
 - Level 0.7 Stealth


You had 6 spell levels left.
You didn't know any spells.
Your spell library was empty.

Inventory:

Hand Weapons
 Y - a +0 shortbow (weapon)
Armour
 d - a +0 ring mail (worn)
 h - a +2 pair of gloves (worn)
Jewellery
 a - a +6 ring of dexterity (left hand)
 f - an amulet of reflection (around neck)
Scrolls
 m - a scroll of identify
Potions
 c - a potion of mutation

Dungeon Overview and Level Annotations

Branches:
Dungeon (5/15)
 Temple: D:4-7

Altars:
Makhleb
Sif Muna
Yredelemnul

Shops:
D:1 :

Annotations:
D:5 Blork the orc, Dowan


Message History

Enter note:
Enter note:
Enter note:
Enter note:
Enter note:
Enter note: You start resting.
Dowan is nearby!
3977 ||| READING 2 scrolls of teleportation.
As you read the scroll of teleportation, it crumbles to dust.
You feel strangely unstable.
Dowan shouts!
Dowan gestures wildly while chanting.
Dowan blinks!
You start resting.
Your surroundings suddenly seem different.
A black bear and 4 wights come into view.
The black bear growls angrily.
The wight hits you with a +0 battleaxe.
You feel drained.
Enter note:
Enter note:
Enter note:
Enter note:
Enter note:
Enter note:
3982 ||| READING scroll of teleportation.
As you read the scroll of teleportation, it crumbles to dust.
You feel strangely unstable. The wight hits you but does no damage.
You shoot an arrow. The arrow hits the wight.
The wight is moderately damaged.
The wight hits you from afar with a +3 spear.
The wight barely misses you. You furiously retaliate!
You headbutt the wight! The wight closely misses you.
You shoot an arrow.
The arrow hits the wight but does no damage.
The wight is severely damaged.
You block the wight's attack. The black bear misses you.
The black bear claws you.
You die...

......# ###......## ##
.....## # ..# ##.....#
# #.....##.. ..#
#...#...# #
........... ##.##
#...###..###
...#......###
...###...# #..#.
..#......... ........#
#.. .#..####...#
#.......# #.# #..##
#...# #h......# ##..
..## #...# #@.z..##.#
##... .##
###...####zzz...#
#.####....
.#####...............#
#.#..##.#
..##......#.......#.##
#..###.#
..........##.>#..##.##
#.####..
..........##..#..##..#
##...##..
.....###..###....##..#
##.......# #....# #..#
#....##..###.......##
##....##..#
#..:.##.............#


You could see a black bear and 4 wights.

Vanquished Creatures
  A wyvern (D:4)
  Duvessa (D:5)
  2 ogres
  A phantom (D:5)
  A howler monkey (D:5)
  An orc priest (D:5)
  A hound (D:5)
  Jessica (D:3)
  An orc wizard (D:5)
  Robin (D:3)
  11 adders
  3 gnolls (D:4)
  A white imp (D:5)
  An adder skeleton (D:2)
  2 worms
  A dart slug (D:3)
  19 orcs
  A bat skeleton (D:2)
  7 endoplasms
  4 giant cockroaches
  19 goblins
  13 hobgoblins
  12 kobolds
  4 quokkas
  5 ball pythons
  10 bats
  2 frilled lizards
  A quokka skeleton (D:2)
  7 rats
134 creatures vanquished.

Notes
Turn   | Place    | Note
-------+----------+-------------------------------------------
     0 | D:1      | qw the Minotaur Hunter began the quest for the Orb.
     0 | D:1      | Reached XP level 1. HP: 18/18 MP: 0/0
     0 | D:1      | 0 ||| qw: Version: 0.2-a-121-gba3a3e5
     0 | D:1      | 0 ||| qw: Game counter: 3180
     0 | D:1      | 0 ||| qw: Always use a shield: true
     0 | D:1      | 0 ||| qw: God list: Okawaru
     0 | D:1      | 0 ||| qw: Allow faded altars: false
     0 | D:1      | 0 ||| qw: Do Orc after D:15 true
     0 | D:1      | 0 ||| qw: Do second Lair branch before Depths: true
     0 | D:1      | 0 ||| qw: Lair rune preference: random
     0 | D:1      | 0 ||| qw: Plans: Normal
     0 | D:1      | 0 ||| PLANNING D:1-11
   124 | D:1      | Reached XP level 2. HP: 25/25 MP: 1/1
   135 | D:1      | Reached skill level 5 in Ranged Weapons
   279 | D:1      | Found Wuyz's Book Shoppe.
   327 | D:1      | Reached skill level 3 in Fighting
   504 | D:1      | 504 ||| UPGRADING to +0 ring mail.
   514 | D:1      | 514 ||| DROPPING +0 leather armour.
   515 | D:1      | 515 ||| UPGRADING to +0 pair of gloves.
   520 | D:1      | 520 ||| UPGRADING to amulet of reflection.
   525 | D:1      | 525 ||| READING scroll labelled ZOSSENTAHE.
   529 | D:1      | 529 ||| READING scroll labelled IPSAHI FATZ.
   530 | D:1      | 530 ||| DRINKING 3 pink potions.
   531 | D:1      | 531 ||| DROPPING scroll of butterflies.
   532 | D:1      | 532 ||| DROPPING 2 potions of enlightenment.
   582 | D:2      | Reached XP level 3. HP: 31/31 MP: 2/2
   605 | D:2      | Reached skill level 1 in Armour
   635 | D:2      | 635 ||| FLEEEEING.
   636 | D:2      | 636 ||| FLEEEEING.
   637 | D:2      | 637 ||| FLEEEEING.
   638 | D:2      | 638 ||| FLEEEEING.
   639 | D:2      | 639 ||| STAIRDANCE
   657 | D:1      | 657 ||| UPGRADING to +6 ring of dexterity.
   658 | D:1      | 658 ||| DROPPING ring of wizardry.
   692 | D:2      | Reached XP level 4. HP: 38/38 MP: 3/3
   853 | D:2      | Reached skill level 6 in Ranged Weapons
  1064 | D:2      | 1064 ||| READING scroll labelled SUGEGU QEAL.
  1065 | D:2      | 1065 ||| READING scroll labelled UDARRE GA WEEC.
  1066 | D:2      | 1066 ||| READING scroll labelled KEIPPEMORIPT.
  1067 | D:2      | 1067 ||| DRINKING 2 emerald potions.
  1068 | D:2      | 1068 ||| DROPPING potion of degeneration.
  1254 | D:3      | Noticed Robin
  1280 | D:3      | Reached XP level 5. HP: 22/46 MP: 4/4
  1295 | D:3      | Killed Robin
  1448 | D:3      | 1448 ||| READING scroll of enchant armour.
  1448 | D:3      | 1448 ||| ENCHANTING +0 pair of gloves.
  1506 | D:3      | Noticed Jessica
  1508 | D:3      | Killed Jessica
  1608 | D:3      | Found a basalt altar of Yredelemnul.
  1609 | D:3      | Found a shimmering blue altar of Sif Muna.
  1609 | D:3      | Found a burning altar of Makhleb.
  1692 | D:3      | Found a faded altar of an unknown god.
  1979 | D:3      | Reached skill level 7 in Ranged Weapons
  1994 | D:3      | 1994 ||| READING scroll of enchant armour.
  1994 | D:3      | 1994 ||| ENCHANTING +1 pair of gloves.
  2182 | D:3      | 2182 ||| READING scroll labelled HAYLLI GEFYTHRA.
  2183 | D:3      | 2183 ||| READING scroll labelled ZUIMAU YPLO.
  2184 | D:3      | 2184 ||| READING scroll labelled GEATTO DURUG.
  2185 | D:3      | 2185 ||| READING scroll labelled PEECECVE CUBA.
  2186 | D:3      | 2186 ||| DRINKING 2 glowing silvery potions.
  2218 | D:3      | 2218 ||| READING 3 scrolls of identify.
  2218 | D:3      | 2218 ||| IDENTIFYING yellow potion
  2219 | D:3      | 2219 ||| READING 2 scrolls of identify.
  2219 | D:3      | 2219 ||| IDENTIFYING puce potion
  2220 | D:3      | 2220 ||| DROPPING potion of lignification.
  2221 | D:3      | 2221 ||| DROPPING potion of berserk rage.
  2369 | D:4      | 2369 ||| Stepping ~*~*~tactically~*~*~ (outnumbered).
  2371 | D:4      | 2371 ||| Stepping ~*~*~tactically~*~*~ (outnumbered).
  2372 | D:4      | 2372 ||| Stepping ~*~*~tactically~*~*~ (outnumbered).
  2419 | D:4      | Reached skill level 3 in Dodging
  2419 | D:4      | Reached XP level 6. HP: 50/52 MP: 5/5
  2540 | D:4      | Noticed a wyvern
  2552 | D:4      | HP: 5/52 [wyvern (11)]
  2553 | D:4      | 2553 ||| READING 6 scrolls of teleportation.
  2554 | D:4      | Killed a wyvern
  2555 | D:4      | Reached skill level 8 in Ranged Weapons
  2555 | D:4      | Reached XP level 7. HP: 7/59 MP: 6/6
  3244 | D:4      | 3244 ||| READING 2 scrolls of identify.
  3244 | D:4      | 3244 ||| IDENTIFYING grey potion
  3270 | D:5      | Entered Level 5 of the Dungeon
  3319 | D:5      | HP: 12/61 [orc/+0 falchion (4)]
  3320 | D:5      | 3320 ||| READING 5 scrolls of teleportation.
  3321 | D:5      | 3321 ||| DRINKING potion of heal wounds.
  3437 | D:5      | Reached skill level 3 in Armour
  3617 | D:5      | 3617 ||| Stepping ~*~*~tactically~*~*~ (outnumbered).
  3618 | D:5      | 3618 ||| Stepping ~*~*~tactically~*~*~ (outnumbered).
  3722 | D:5      | Noticed Duvessa
  3722 | D:5      | Noticed Dowan
  3727 | D:5      | Noticed Blork the orc
  3734 | D:5      | Killed Duvessa
  3735 | D:5      | Reached skill level 9 in Ranged Weapons
  3742 | D:5      | HP: 6/61 [Blork the orc/+0 glaive (16)]
  3742 | D:5      | HP: 2/61 [orc/puff of flame (4)]
  3743 | D:5      | 3743 ||| READING 4 scrolls of teleportation.
  3961 | D:5      | HP: 7/61 [centaur/arrow (9)]
  3962 | D:5      | 3962 ||| READING 3 scrolls of teleportation.
  3964 | D:5      | HP: 3/61 [centaur/arrow (3)]
  3977 | D:5      | 3977 ||| READING 2 scrolls of teleportation.
  3981 | D:5      | HP: 5/61 [wight/+0 battleaxe (3)]
  3982 | D:5      | 3982 ||| READING scroll of teleportation.
  3983 | D:5      | HP: 2/60 [wight/+3 spear (3)]
  3984 | D:5      | Slain by a black bear

Levels and vault maps discovered:
D:1:      matt_arrival_grand_opening, layout_rooms, serial_shops, shop,
          ebering_dispersal_statue_hall
D:2:      minmay_evil_eye, layout_rooms, serial_undead, serial_undead_d,
          serial_undead_d, serial_undead_a, serial_undead_f,
          grunt_ministairs_12, minmay_goblin_kobold_house
D:3:      minmay_razor_zed, layout_basic, grunt_temple_overflow_open,
          nicolae_ecumenical_lake_church, uniq_jessica, uniq_robin
D:4:      layout_basic
D:5:      layout_layer_cave, marbit_many_paths, gammafunk_ghost_split,
          glass_columns_a, uniq_duvessa, uniq_blork_the_orc

Skill      XL: |  1  2  3  4  5  6  7 |
---------------+----------------------+-----
Ranged Weapons | 5 6 7 8 9 |  9.3
Fighting       | 3 4 5 |  5.0
Armour         | 1 3 |  3.3
Dodging        | 3 |  3.1
Stealth        | |  0.7

Action                     |  1- 3 |  4- 6 |  7- 9 || total
---------------------------+-------+-------+-------++-------
   Fire: Shortbow          |   139 |   222 |   111 ||   472
    Use: Scroll            |     2 |    12 |     6 ||    20
         Potion            |     1 |     2 |     1 ||     4
 Armour: Leather armour    |    21 |       |       ||    21
         Ring mail         |     7 |    47 |    33 ||    87
  Dodge: Dodged            |    47 |    67 |    65 ||   179
  Block: Other             |     7 |    23 |    35 ||    65
         Reflection        |       |     1 |     2 ||     3

Table legend:
 A = Non-vault XP
 B = Vault XP
 C = Vault XP percentage of total XP
 D = Non-vault monster count
 E = Vault monster count
 F = Vault count percentage of total count
                 A         B        C        D         E       F
            +---------+---------+-------+---------+---------+-------
      Total |    1042 |     310 |  22.9 |      92 |      42 |  31.3
            +---------+---------+-------+---------+---------+-------
        D:1 |      39 |       0 |   0.0 |      24 |       0 |   0.0
        D:2 |      66 |      45 |  40.5 |      18 |      16 |  47.1
        D:3 |      52 |     123 |  70.3 |      15 |      25 |  62.5
        D:4 |     437 |       0 |   0.0 |      18 |       0 |   0.0
        D:5 |     448 |     142 |  24.1 |      17 |       1 |   5.6
            +---------+---------+-------+---------+---------+-------
